 Dungeon Crawl Stone Soup version 0.27.1-3-gb3d3a73c9e (webtiles) character file.

Game seed: 9741135559081588349

63804 Urokeeper the Swashbuckler (level 15, -15/96 (98) HPs)
             Began as a Kobold Hunter on Oct 12, 2021.
             Was a High Priest of Dithmenos.
             Demolished by a spectral fenstrider witch (17 damage)
             ... called from beyond by a ghost crab
             ... on level 2 of the Swamp.
             The game lasted 01:29:30 (21943 turns).

Urokeeper the Swashbuckler (Kobold Hunter)         Turns: 21943, Time: 01:29:31

HP:   -15/96 (98)   AC:  5    Str: 13    XL:     15   Next: 51%
MP:   14/17         EV: 24    Int: 13    God:    Dithmenos [*****.]
Gold: 170           SH:  0    Dex: 25    Spells: 17/17 levels left

rFire    + . .     SeeInvis .   D - +7 pair of quick blades "Gyre" and "Gimble" {protect}
rCold    . . .     Faith    .   (shield currently unavailable)
rNeg     . . .     Spirit   .   z - +0 robe "Gon Kil" {rPois Str+3 Dex+4}
rPois    +         Reflect  .   p - +2 helmet
rElec    .         Harm     .   (no cloak)
rCorr    .         Rampage  .   (no gloves)
Will     +....                  (no boots)
Stlth    +++++++++.             N - amulet of regeneration
HPRegen  1.26/turn              s - +4 ring of slaying
MPRegen  0.15/turn              B - ring of protection from fire

@: very slightly contaminated, wreathed by umbra, lightly drained, invisible
A: small, no large weapons, nightstalker 3
a: Renounce Religion, Shadow Step, Shadow Form


You were on level 2 of the Swamp.
You worshipped Dithmenos.
Dithmenos was extremely pleased with you.
You visited 5 branches of the dungeon, and saw 20 of its levels.
You also visited: Sewer and Ossuary.

You collected 1466 gold pieces.
You spent 1296 gold pieces at shops.

Inventory:

Hand Weapons
 a - a +5 vorpal hand crossbow
 b - a +0 short sword
 D - the +7 pair of quick blades "Gyre" and "Gimble" (weapon) {protect}
   (You found it on level 10 of the Dungeon)

   It grants its wielder temporary protection when it strikes (+7 to AC).
Missiles
 c - 112 poisoned darts
 d - 49 bolts
 M - a curare-tipped dart (quivered)
Armour
 n - a +0 troll leather armour
 p - a +2 helmet (worn)
 w - a +2 scale mail of fire resistance
 z - the +0 robe "Gon Kil" (worn) {rPois Str+3 Dex+4}
   (You found it on level 6 of the Dungeon)

   Str:       It affects your strength (+3).
   Dex:       It affects your dexterity (+4).
   rPois:     It protects you from poison.
 A - a +3 leather armour
Jewellery
 o - a ring of wizardry
 s - a +4 ring of slaying (left hand)
 B - a ring of protection from fire (right hand)
 C - an amulet of reflection
 N - an amulet of regeneration (around neck)
Wands
 e - a wand of acid (27)
 f - a wand of mindburst (16)
 y - a wand of iceblast (6)
 G - a wand of digging (7)
 P - a wand of polymorph (8)
Scrolls
 g - 4 scrolls of immolation
 h - 2 scrolls of magic mapping
 l - a scroll of torment
 m - 3 scrolls of teleportation
 q - 2 scrolls of vulnerability
 r - a scroll of enchant armour
 x - 4 scrolls of amnesia
 H - 2 scrolls of fog
 K - 2 scrolls of identify
 L - a scroll of brand weapon
 O - 2 scrolls of fear
Potions
 i - 12 potions of curing
 j - a potion of flight
 k - a potion of brilliance
 t - 2 potions of magic
 v - a potion of resistance {unknown}
 E - 2 potions of attraction
 F - a potion of cancellation
 I - a potion of lignification {unknown}
 J - a potion of haste {unknown}


   Skills:
 - Level 13.0 Fighting
 * Level 15.8 Short Blades
 + Level 0.7(6.9) Long Blades
 + Level 0.7(1.1) Axes
 + Level 0.9(1.3) Maces & Flails
 + Level 0.7(1.1) Polearms
 + Level 0.9(1.3) Staves
 + Level 1.0(1.3) Slings
 + Level 1.0 Bows
 - Level 14.5 Crossbows
 + Level 1.3(1.6) Throwing
 + Level 3.3 Armour
 - Level 10.2 Dodging
 + Level 9.6 Stealth
 - Level 4.4 Shields
 + Level 1.0 Unarmed Combat
 + Level 1.5 Spellcasting
 + Level 1.0 Conjurations
 + Level 1.0 Hexes
 + Level 1.0 Summonings
 + Level 1.0 Necromancy
 + Level 1.0 Translocations
 + Level 1.0 Transmutations
 + Level 1.4 Fire Magic
 + Level 1.0 Ice Magic
 + Level 1.0 Air Magic
 + Level 1.0 Earth Magic
 + Level 1.0 Poison Magic
 + Level 1.3 Invocations
 - Level 3.3 Evocations


You had 17 spell levels left.
You didn't know any spells.
Your spell library contained the following spells:

 Spells                   Type           Power      Damage    Failure   Level
 Magic Dart               Conj           12%        1d3       17%         1
 Call Imp                 Summ           3%         N/A       26%         2
 Frozen Ramparts          Ice            6%         1d2       45%         3
 Ignite Poison            Fire/Tmut/Pois 4%         N/A       45%         3
 Mephitic Cloud           Conj/Pois/Air  3%         N/A       45%         3
 Ice Form                 Ice/Tmut       3%         N/A       86%         4
 Summon Ice Beast         Ice/Summ       3%         N/A       86%         4
 Bolt of Magma            Conj/Fire/Erth 2%         4d4       99%         5
 Chain Lightning          Conj/Air       1%         3d2       100%        9
 Fire Storm               Conj/Fire      2%         8d1       100%        9


Dungeon Overview and Level Annotations

Branches:
Dungeon (13/15)            Temple (1/1) D:5            Lair (2/6) D:11
  Swamp (2/4) Lair:2          Orc (2/2) D:10            Elf (0/3) Orc:2
  Sewer (visited)         Ossuary (visited)
  Snake: Lair:2-4    Spider: Lair:2-4    Vaults: D:13-14

Altars:
Ashenzari
Cheibriados
Dithmenos
Elyvilon
Fedhas
Gozag
Hepliaklqana
Kikubaaqudgha
Makhleb
Nemelex Xobeh
Okawaru
Qazlal
Ru
Sif Muna
Trog
Uskayaw
Vehumet
Wu Jian
Xom
Yredelemnul
Zin
The Shining One
Beogh

Shops:
D:10 [   Orc:2 =**(

Annotations:
D:12 1 transporter
Swamp:2 1 transporter


Innate Abilities, Weirdness & Mutations

You are small and have problems with some larger weapons.
You are completely attuned to the shadows.


Message History

The spectral spriggan berserker completely misses you.
The spectral death drake completely misses you.
The ghost crab misses you. The ghost crab completely misses you.
Aiming: Shadow Step
Press: ? - help, Dir - move target, f - spectral fenstrider witch
Aim: a spectral fenstrider witch (spectral mist, summoned, umbra)
You step into the spectral fenstrider witch's shadow.
You are engulfed in spectral mist.
The spectral death drake misses you. The spectral fenstrider witch hits you.
The spectral fenstrider witch kicks you.
The spectral death drake barely misses you.
The spectral death drake misses you.
You are engulfed in spectral mist.
The spectral fenstrider witch closely misses you.
The spectral fenstrider witch kicks you.
You see here a ring of protection from fire.
The spectral fenstrider witch misses you.
The spectral fenstrider witch kicks you!
The ghost crab breathes spectral mist at you.
The spectral mist engulfs you but does no damage.
You are engulfed in spectral mist.
The spectral death drake fades away!
You are engulfed in spectral mist.
* * * LOW HITPOINT WARNING * * *
The spectral death drake fades away!
The spectral spriggan berserker misses you.
Okay, then.
Throw: dart (curare)
Press: ? - help, Q - select action, (/) - cycle Shift-Dir - straight line, p - spectral fenstrider witch
Okay, then.
It was a potion of invisibility.
You fade into invisibility!
* * * LOW HITPOINT WARNING * * *
The spectral fenstrider witch hits you but does no damage.
The spectral fenstrider witch kicks you!
* * * LOW HITPOINT WARNING * * *
The spectral spriggan berserker misses you.
You are very lightly contaminated with residual magic.
The spectral fenstrider witch completely misses you.
The spectral fenstrider witch kicks you!
You die...

..#°°°○°.♣
...○.○°..♣
..).°...♣♣
#...☼.≈.♣
...#=§...♣
##☼○☼t♣.♣♣
!#.Z§♣♣♣♣ ..○ZZ♣
≈≈≈≈≈≈♣♣≈≈.≈..≈≈@♣
≈≈≈.≈≈≈≈≈≈.≈♣≈.§.♣
≈≈..≈≈≈≈≈.≈♣♣.♣♣.♣
.≈≈≈≈†≈≈≈≈.♣≈≈♣♣>♣
≈≈.≈≈≈....≈≈≈≈♣♣.♣
♣§≈≈.≈≈♣♣.≈.≈≈♣♣.♣
≈§≈≈.≈♣♣♣.≈≈...≈≈♣
≈≈≈..♣♣ ♣♣≈≈≈≈.♣.♣
≈≈≈.≈.♣ ♣.≈♣≈≈≈.♣


You could see a ghost crab, a spectral death drake (summoned), a spectral
spriggan berserker (summoned) and a spectral fenstrider witch (summoned).

Vanquished Creatures
  A fenstrider witch (Swamp:1)
  3 eleionomae (Swamp:1)
  A spriggan air mage (Swamp:1)
  A catoblepas (Lair:2)
  4 ogre magi (Orc:2)
  A boulder beetle (Lair:1)
  3 alligators
  A ghost crab (Swamp:2)
  2 hydras
  18 two-headed ogres
  2 goliath frogs (Swamp:1)
  2 bog bodies (Lair:2)
  A swamp dragon (Swamp:1)
  A cyclops (D:11)
  2 orc sorcerers (Orc:1)
  A will-o-the-wisp (Swamp:1)
  A black mamba (Lair:2)
  A cane toad (Lair:2)
  A rime drake (Lair:2)
  Psyche (D:11)
  3 kobold demonologists
  3 komodo dragons
  4 hornets (Swamp:1)
  2 polar bears
  5 trolls
  2 tyrant leeches (Swamp:1)
  A meliai zombie (D:10)
  5 spriggans
  23 yaks
  A vampire (D:11)
  A water elemental (D:11)
  2 basilisks
  A wyvern (Lair:1)
  2 steam dragons
  A vampire mosquito (D:11)
  8 swamp worms
  Edmund (D:4)
  2 water moccasins
  2 ice beasts (D:8)
  14 orc warriors
  2 necrophages
  3 black bears
  8 wolves
  30 ogres
  3 centaurs
  A phantom (D:5)
  7 kobold brigands
  6 bullfrogs
  5 scorpions
  A wyvern skeleton (D:6)
  4 wights (D:8)
  4 electric eels (D:11)
  3 howler monkeys
  A bullfrog zombie (D:6)
  4 centaur zombies
  7 hounds
  11 orc priests
  2 iguanas
  A bullfrog skeleton (D:6)
  Natasha (thrice) (D:3)
  19 orc wizards
  A hound zombie (D:5)
  9 mummies
  2 howler monkey zombies
  11 gnolls
  8 adders
  A river rat (D:6)
  A shadow imp (D:5)
  A white imp (D:7)
  An adder skeleton (D:4)
  A worm (D:6)
  4 dart slugs
  78 orcs
  9 ball pythons
  7 endoplasms
  4 giant cockroaches
  7 goblins
  6 hobgoblins
  10 jackals
  3 quokkas
  7 bats
  9 frilled lizards
  4 hobgoblin zombies
  21 kobolds
  A kobold zombie (Ossuary)
  5 orc zombies
  7 rats
474 creatures vanquished.

Vanquished Creatures (collateral kills)
  A two-headed ogre (D:11)
  A kobold demonologist (D:11)
2 creatures vanquished.

Vanquished Creatures (others)
  An orc wizard (D:10)
  An orc (Orc:1)
  2 foxfires (Swamp:1)
  6 fungi
  12 plants
22 creatures vanquished.

Grand Total: 498 creatures vanquished

Notes
Turn   | Place    | Note
-------+----------+-------------------------------------------
     0 | D:1      | Urokeeper the Kobold Hunter began the quest for the Orb.
     0 | D:1      | Reached XP level 1. HP: 12/12 MP: 1/1
    22 | D:1      | Reached skill level 5 in Crossbows
   100 | D:1      | Found a faded altar of an unknown god.
   103 | D:1      | Reached XP level 2. HP: 17/17 MP: 2/2
   329 | D:1      | Reached XP level 3. HP: 20/21 MP: 3/3
  1380 | D:2      | Reached XP level 4. HP: 27/27 MP: 4/4
  2042 | D:3      | Noticed Natasha
  2047 | D:3      | Killed Natasha
  2240 | D:3      | Noticed Natasha
  2457 | D:3      | Found a blossoming altar of Fedhas.
  2464 | D:3      | Found a stormy altar of Qazlal.
  2514 | D:3      | Found a sparkling altar of Nemelex Xobeh.
  2650 | D:3      | Reached XP level 5. HP: 31/31 MP: 5/5
  2769 | D:3      | Reached skill level 1 in Armour
  2944 | D:3      | Killed Natasha
  3050 | D:3      | Noticed a sky beast
  3052 | D:3      | Noticed Natasha
  3341 | D:3      | Killed Natasha
  3342 | D:3      | Reached XP level 6. HP: 36/36 MP: 6/6
  3478 | D:4      | Noticed Edmund
  3478 | D:4      | Noticed a necrophage
  3498 | D:5      | Entered Level 5 of the Dungeon
  3661 | D:5      | Found a runed translucent door.
  3668 | D:5      | Reached XP level 7. HP: 41/41 MP: 7/7
  3849 | D:5      | Found an opulent altar of Gozag.
  4205 | D:5      | Reached XP level 8. HP: 47/48 MP: 8/8
  4235 | D:5      | Found a staircase to the Ecumenical Temple.
  4266 | Temple   | Entered the Ecumenical Temple
  4650 | Temple   | Became a worshipper of Dithmenos the Shadowed
  4915 | D:6      | Reached skill level 10 in Crossbows
  4953 | D:6      | Found an ornate altar of the Wu Jian Council.
  4955 | D:6      | Found a bloodstained altar of Trog.
  5046 | D:6      | Found a shimmering altar of Xom.
  5053 | D:6      | Found a burning altar of Makhleb.
  5236 | D:6      | Found a glowing drain.
  5240 | Sewer    | Entered a sewer
  5514 | Sewer    | Reached * piety under Dithmenos
  6307 | D:6      | Reached skill level 5 in Fighting
  6375 | D:6      | Found a hazy altar of Hepliaklqana.
  6470 | D:6      | Reached XP level 9. HP: 35/54 MP: 9/9
  6644 | D:6      | Identified the +0 robe "Gon Kil" {rPois Str+3 Dex+4}
  7859 | D:4      | Reached ** piety under Dithmenos
  8179 | D:4      | Killed Edmund
  8739 | D:7      | Found a sand-covered staircase.
  8752 | Ossuary  | Entered an ossuary
  8790 | Ossuary  | Reached skill level 1 in Short Blades
  9362 | D:7      | Noticed a gargoyle
  9614 | D:8      | Reached skill level 5 in Dodging
  9638 | D:8      | Reached XP level 10. HP: 43/64 MP: 10/10
  9832 | D:8      | Reached skill level 1 in Shields
 10097 | D:8      | Reached *** piety under Dithmenos
 10297 | D:8      | Noticed a cyclops
 11416 | D:9      | Reached skill level 5 in Stealth
 11883 | D:10     | Entered Level 10 of the Dungeon
 11933 | D:10     | Found a staircase to the Orcish Mines.
 12420 | D:10     | Noticed a kobold demonologist
 12423 | D:10     | Killed a kobold demonologist
 12424 | D:10     | Reached XP level 11. HP: 72/72 MP: 11/11
 12433 | D:10     | Reached skill level 10 in Fighting
 12434 | D:10     | Found Gyrios's Antique Armour Shop.
 12838 | D:10     | Reached **** piety under Dithmenos
 13158 | D:10     | Noticed a two-headed ogre
 13158 | D:10     | Noticed a two-headed ogre
 13657 | D:11     | Noticed Psyche
 13785 | D:11     | You fall into a shaft and drop 2 floors!
 13836 | D:12     | Found a transporter.
 13935 | D:11     | Found a staircase to the Lair.
 13970 | D:11     | Noticed a two-headed ogre
 13992 | Orc:1    | Entered Level 1 of the Orcish Mines
 14081 | Orc:1    | Noticed an orc sorcerer
 14146 | D:11     | Killed a two-headed ogre
 14382 | D:11     | Killed Psyche
 14388 | D:11     | Noticed a cyclops
 14394 | D:11     | Killed a cyclops
 14687 | D:10     | Killed a two-headed ogre
 14688 | D:10     | Reached XP level 12. HP: 80/80 MP: 12/12
 14760 | D:10     | Killed a two-headed ogre
 14761 | D:10     | Reached skill level 1 in Evocations
 14783 | D:10     | Found the +7 pair of quick blades "Gyre" and "Gimble"
                  | {protect}
 14825 | Lair:1   | Entered Level 1 of the Lair of Beasts
 15506 | Lair:1   | Noticed a boulder beetle
 15882 | Lair:1   | Killed a boulder beetle
 16367 | Lair:2   | Noticed a catoblepas
 16912 | Lair:2   | Found a staircase to the Swamp.
 17201 | Lair:2   | Reached skill level 10 in Dodging
 17257 | Lair:2   | Noticed a five-headed hydra
 17721 | D:11     | Noticed a two-headed ogre
 17726 | D:11     | Killed a two-headed ogre
 17804 | D:11     | Reached XP level 13. HP: 77/87 MP: 13/13
 18033 | D:11     | Reached skill level 2 in Short Blades
 18033 | D:11     | Reached skill level 1 in Slings
 18033 | D:11     | Reached skill level 1 in Bows
 18033 | D:11     | Reached skill level 1 in Throwing
 18033 | D:11     | Reached skill level 1 in Unarmed Combat
 18033 | D:11     | Reached skill level 1 in Spellcasting
 18033 | D:11     | Reached skill level 1 in Conjurations
 18033 | D:11     | Reached skill level 1 in Hexes
 18033 | D:11     | Reached skill level 1 in Summonings
 18033 | D:11     | Reached skill level 1 in Necromancy
 18033 | D:11     | Reached skill level 1 in Translocations
 18033 | D:11     | Reached skill level 1 in Transmutations
 18033 | D:11     | Reached skill level 1 in Fire Magic
 18033 | D:11     | Reached skill level 1 in Ice Magic
 18033 | D:11     | Reached skill level 1 in Air Magic
 18033 | D:11     | Reached skill level 1 in Earth Magic
 18033 | D:11     | Reached skill level 1 in Poison Magic
 18033 | D:11     | Reached skill level 1 in Invocations
 18033 | D:11     | Reached XP level 14. HP: 94/94 MP: 13/16
 18142 | Orc:1    | Reached ***** piety under Dithmenos
 18149 | Orc:1    | Reached skill level 3 in Short Blades
 18210 | Orc:1    | Reached skill level 4 in Short Blades
 18228 | Orc:1    | Reached skill level 5 in Short Blades
 18953 | Orc:2    | Entered Level 2 of the Orcish Mines
 19225 | Orc:2    | Found a staircase to the Elven Halls.
 19240 | Orc:2    | Reached skill level 6 in Short Blades
 19278 | Orc:2    | Reached skill level 7 in Short Blades
 19371 | Orc:2    | Reached skill level 8 in Short Blades
 19475 | Orc:2    | Reached skill level 9 in Short Blades
 19682 | Orc:2    | Reached skill level 10 in Short Blades
 19742 | Orc:2    | Reached skill level 11 in Short Blades
 20099 | Orc:2    | Reached skill level 12 in Short Blades
 20160 | Orc:2    | Found Zuzite Nese's General Store.
 20160 | Orc:2    | Found Saphal Going's Antique Weapon Emporium.
 20165 | Orc:2    | Found Withomn's Jewellery Shoppe.
 20165 | Orc:2    | Found Tileag's General Store.
 20172 | Orc:2    | Bought a +4 ring of slaying for 936 gold pieces
 20172 | Orc:2    | Bought an amulet of regeneration for 360 gold pieces
 20310 | Orc:2    | Reached skill level 13 in Short Blades
 20977 | Swamp:1  | Entered Level 1 of the Swamp
 20994 | Swamp:1  | Noticed a fenstrider witch
 21014 | Swamp:1  | Reached XP level 15. HP: 48/98 MP: 17/17
 21117 | Swamp:1  | Reached skill level 14 in Short Blades
 21445 | Swamp:1  | Killed a fenstrider witch
 21446 | Swamp:1  | Reached skill level 15 in Short Blades
 21759 | Swamp:2  | Found a transporter.
 21942 | Swamp:2  | HP: 1/96 [spectral fenstrider witch[a ghost crab] (9)]
 21943 | Swamp:2  | Demolished by a spectral fenstrider witch

Illustrated notes

Levels and vault maps discovered:
D:1:      dpeg_arrival_line_fractal, layout_basic,
          hellmonk_ecumenical_altar_leap_of_faith
D:2:      layout_basic
D:3:      layout_basic, grunt_temple_overflow_forces_of_nature,
          nemelex_spade_bored_becter, grunt_ministairs_9, dk_noncrumbling_2,
          minivault_27, uniq_natasha
D:4:      layout_loops_cross, corexii_shack, uniq_edmund
D:5:      layout_loops_ring, mainiacjoe_overflow_surrounded_room,
          minmay_temple_entry_large_hall, minmay_misc_feat_pillars,
          chequers_mini_garden, grunt_decor_resistance, lightli_church_of_beogh
D:6:      layout_loops_ring, grunt_temple_overflow_open, gup_sewer_entry_spiral
D:7:      layout_cave_pools, nicolae_ossuary_entry_giza, sigmund_army
D:8:      layout_cave_pools, uniq_maggie
D:9:      layout_gridville, minmay_misc_feat_four_crosses
D:10:     layout_loops_ring, minmay_orc_entry_temple_small, serial_shops,
          shop_statue, hangedman_decor_peaks_small,
          hellmonk_guarded_unrand_gyre_and_gimble
D:11:     layout_small_grid, erik_lair_island, special_room
          [special_room_kobold], kennysheep_crisscross, uniq_psyche
D:12:     layout_grid_maze, gammafunk_ghost_stat_death,
          nrook_guardian_serpent_ordinary
D:13:     layout_rooms, ebering_ghost_reflecting_pool, uniq_josephine
Temple:   oiseaux_autumnal_temple
Lair:1:   layout_long_grid, nzn_sisyphean_effort
Lair:2:   layout_cave_pods, skrybe_swamp_entry_bodies,
          infiniplex_staircase_pool_2, lemuel_fruit_tree
Swamp:1:  layout_basic_swamp, evilmike_swamp_ruin_house_1, swamp_pool1
Swamp:2:  layout_falls_marsh, gammafunk_ghost_mausoleum,
          evilmike_swamp_ruin_rubble_2, uniq_frances
Orc:1:    layout_diamond_mine, enter_bailey_4, serial_shops, basic_altar
Orc:2:    st_orc_ogre_mass, layout_caves, nicolae_orc_flooded_monolith

Skill      XL: |  1  2  3  4  5  6  7  8  9 10 11 12 13 14 15 |
---------------+----------------------------------------------+-----
Crossbows      | 5 6 7 8 9 10 11 12 13 14 | 14.5
Armour         | 1 2 3 |  3.3
Stealth        | 2 3 4 5 6 7 9 |  9.6
Fighting       | 3 5 7 9 11 12 13 | 13.0
Dodging        | 3 5 6 8 10 | 10.2
Short Blades   | 1 2 13 15 | 15.8
Shields        | 1 2 4 |  4.4
Evocations     | 2 3 |  3.3
Slings         | 1 |  1.0
Bows           | 1 |  1.0
Throwing       | 1 |  1.3
Unarmed Combat | 1 |  1.0
Spellcasting   | 1 |  1.5
Conjurations   | 1 |  1.0
Hexes          | 1 |  1.0
Summonings     | 1 |  1.0
Necromancy     | 1 |  1.0
Translocations | 1 |  1.0
Transmutations | 1 |  1.0
Fire Magic     | 1 |  1.4
Ice Magic      | 1 |  1.0
Air Magic      | 1 |  1.0
Earth Magic    | 1 |  1.0
Poison Magic   | 1 |  1.0
Invocations    | 1 |  1.3
Long Blades    | |  0.7
Axes           | |  0.7
Maces & Flails | |  0.9
Polearms       | |  0.7
Staves         | |  0.9

Action                   |  1- 3 |  4- 6 |  7- 9 | 10-12 | 13-15 || total
-------------------------+-------+-------+-------+-------+-------++-------
Melee: Short sword       |       |       |     7 |       |       ||     7
       Pair of quick bla |       |       |       |       |   232 ||   232
 Fire: Hand crossbow     |    83 |   105 |   382 |   524 |   212 ||  1306
Throw: Throwing net      |       |       |     1 |     1 |       ||     2
Invok: Shadow Step       |       |       |       |       |     5 ||     5
Evoke: Wand              |       |       |       |    13 |     4 ||    17
  Use: Scroll            |       |     9 |    14 |    12 |     3 ||    38
       Potion            |       |       |       |     6 |     2 ||     8
 Stab: Sleeping          |       |       |       |       |    23 ||    23
       Distracted        |       |       |       |       |     3 ||     3
Armor: Leather armour    |     3 |    12 |    11 |       |       ||    26
       Robe              |       |       |     8 |    25 |    17 ||    50
Dodge: Dodged            |    23 |    38 |   116 |   243 |   195 ||   615
Block: Other             |       |       |     6 |    63 |    26 ||    95
       Reflection        |       |       |       |     6 |       ||     6
